AoeStats
← 小奶狗

Arena

508922689Analyzed
4v4 RM · 9d ago on Sep 24, 2026· 34m 11s· 8 players
Game mode
Random Map
Map size
Large (8 player)
Population
200
Speed
Normal
Resources
Standard
Victory
Conquest
Starting age
Dark Age
Ending age
Imperial Age
RankedLock teamsTeams togetherTeam positionsShared explorationLock speedFull tech treeHidden civsTurbo modeCheats
Victory
Defeat
🇹🇼 Byzantines · Taiwan
1117
+15
🇹🇼 Khitans · Taiwan
1064
+17
🇹🇼 Britons · Taiwan
1062
+17
🇸🇪 Spanish · Sweden
1008
+19
🇪🇪 Varangians · Estonia
1138
-19
🇩🇪 Danes · Germany
1084
-17
🇺🇾 Japanese · Uruguay
1074
-17
🇩🇪 Saxons · Germany
1026
-15
Dagobert
10:42 Feudal Age
ptric90
10:53 Feudal Age
14:44 Castle Age
12:43 Double-Bit Axe
14:17 Scale Barding Armor
16:33 Forging
17:50 Scale Mail Armor
20:45 Gold Mining
23:09 Wheelbarrow
24:48 Horse Collar
26:01 Chain Mail Armor
26:41 Iron Casting
26:57 Stone Mining
31:11 Imperial Age
28:42 Gambesons
28:17 Man-at-Arms
29:50 Long Swordsman
Oselie
2:36 Loom
Croq
White
10:22 Feudal Age
9:03 Loom
11:16 Loom
虎戰
2:15 Loom
11:22 Feudal Age
16:55 Castle Age
16:16 Double-Bit Axe
16:14 Horse Collar
25:01 Imperial Age
23:56 Pikeman
26:16 Wheelbarrow
26:39 Elite Skirmisher
28:34 Bow Saw
29:53 Heavy Camel Rider
30:49 Forging
31:39 Husbandry
31:27 Spies/Treason
33:14 Elite Cataphract
莖鋼狼
0:28 Loom
10:58 Feudal Age
16:45 Castle Age
16:01 Double-Bit Axe
20:51 Horse Collar
26:49 Wheelbarrow
27:29 Gold Mining
27:32 Fletching
31:39 Imperial Age
31:43 Spies/Treason
小奶狗
0:27 Loom
10:39 Feudal Age
14:48 Castle Age
13:14 Double-Bit Axe
16:06 Stone Mining
25:22 Gold Mining
25:46 Bow Saw
28:15 Imperial Age
25:52 Domestication
26:50 Forging
26:41 Scale Mail Armor
28:16 Iron Casting
29:01 Wheelbarrow
29:25 Conscription
29:46 Chain Mail Armor
30:06 Hand Cart
29:39 Town Watch
31:00 Pastoralism
30:36 Elite Liao Dao
31:01 Spies/Treason
32:40 Arson
32:56 Squires
32:41 Gambesons
33:38 Plate Mail Armor
33:14 Scale Barding Armor
33:20 Lamellar Armor
Connection lost

Rejoining the realm…

Still unreachable

The connection could not be restored.

Session expired

The server has moved on; the page needs a fresh start.